 Dungeon Crawl Stone Soup version 0.31-a0-486-g8d68a81214 (webtiles) character file.

Game seed: 7311606231725425555

4321 MisterAzrael the Mimic (level 10, -6/64 HPs)
             Began as a Pale Draconian Shapeshifter on Aug 7, 2023.
             Was a Follower of Hepliaklqana.
             Mangled by a hornet (11 damage)
             ... while paralysed by a hornet
             ... on level 9 of the Dungeon.
             The game lasted 00:11:54 (8203 turns).

MisterAzrael the Mimic (DrSh)                       Turns: 8203, Time: 00:11:54

Health: -6/64      AC:  7    Str: 21    XL:     10   Next: 11%
Magic:  10/10      EV:  2    Int:  8    God:    Hepliaklqana [*.....]
Gold:   466        SH:  0    Dex: 13    Spells: 9/9 levels left

rFire   . .          .
                       - Unarmed
rCold   . . .        (shield currently unavailable)
rNeg    . . .        (body armour unavailable)
rPois   .            (helmet restricted)
rElec   .            (no cloak)
rCorr   .            (gloves currently unavailable)
SInv    .            (no boots)
Will    .....        m - amulet of reflection
Stlth   +            (no ring)
HPRegen 0.30/turn    (no ring)
MPRegen 0.12/turn

%: reflection
@: paralysed, lethally poisoned (-6 -> -15), blade hands, slowed
A: reduced essence, breathe steam, AC +7, unfitting armour, cold-blooded, steam
resistance
a: Breathe Steam, Begin Untransformation, Renounce Religion, Recall Ancestor,
Ancestor Identity


You were on level 9 of the Dungeon.
You worshipped Hepliaklqana.
Hepliaklqana was aware of your devotion.
You had blades for hands.
You visited 2 branches of the dungeon, and saw 10 of its levels.
You also visited: Sewer.

You collected 466 gold pieces.

Inventory:

Armour
 g - a +0 kite shield
Jewellery
 m - an amulet of reflection (around neck)
 B - a +6 ring of intelligence
 K - an amulet of the acrobat
Talismans
 b - a beast talisman
 i - a blade talisman (active)
 G - a talisman of death
Wands
 x - a wand of iceblast (5)
 y - a wand of polymorph (8)
 J - a wand of mindburst (10)
Scrolls
 c - a scroll of vulnerability {unknown}
 e - a scroll of brand weapon {unknown}
 f - a scroll of blinking {unknown}
 h - 2 scrolls of butterflies {unknown}
 j - 5 scrolls of teleportation {unknown}
 k - a scroll of torment {unknown}
 n - 4 scrolls of identify {unknown}
 o - 2 scrolls of amnesia {unknown}
 r - 2 scrolls of immolation {unknown}
 w - 2 scrolls of revelation {unknown}
 A - a scroll of enchant weapon {unknown}
 E - 2 scrolls of enchant armour {unknown}
 F - a scroll of noise {unknown}
 H - 2 scrolls of fog {unknown}
 I - a scroll of poison {unknown}
 L - a scroll of acquirement {unknown}
Potions
 a - 4 potions of lignification
 d - 3 potions of curing
 l - 2 potions of haste
 p - a potion of degeneration {unknown}
 q - 2 potions of might {unknown}
 s - a potion of berserk rage {unknown}
 t - 2 potions of heal wounds {unknown}
 u - 2 potions of resistance {unknown}
 v - a potion of cancellation {unknown}
 z - 2 potions of brilliance {unknown}
 C - a potion of enlightenment {unknown}
 D - a potion of magic {unknown}


   Skills:
 - Level 1.4 Fighting
 - Level 1.9 Dodging
 - Level 0.1 Shields
 + Level 9.1 Unarmed Combat
 * Level 10.5 Shapeshifting


You had 9 spell levels left.
You didn't know any spells.
Your spell library contained the following spells:

 Spells                   Type           Power      Damage    Failure   Level
 Blink                    Tloc           0%         N/A       89%         2
 Ensorcelled Hibernation  Hex/Ice        0%         N/A       89%         2
 Passwall                 Tmut/Erth      0%         N/A       89%         2
 Sublimation of Blood     Necr           0%         N/A       89%         2
 Swiftness                Air            0%         N/A       98%         3
 Manifold Assault         Tloc           0%         N/A       100%        4
 Petrify                  Tmut/Erth      0%         N/A       100%        4
 Irradiate                Conj/Tmut      0%         3d11      100%        5
 Dispersal                Tloc           0%         N/A       100%        6
 Disjunction              Tloc           0%         N/A       100%        8


Dungeon Overview and Level Annotations

Branches:
Dungeon (9/15)             Temple (1/1) D:7           Sewer (visited)
   Lair: D:8-11         Orc: D:9-12

Altars:
Ashenzari
Cheibriados
Dithmenos
Elyvilon
Fedhas
Gozag
Hepliaklqana
Kikubaaqudgha
Makhleb
Nemelex Xobeh
Okawaru
Qazlal
Ru
Sif Muna
Trog
Uskayaw
Vehumet
Wu Jian
Xom
Yredelemnul
Zin
The Shining One

Shops:
D:5 :   D:6 [


Innate Abilities, Weirdness & Mutations

You have blades for hands.
Your spellcasting is less reliable in this form.
You are incapable of wielding weapons or throwing items.
Your life essence is reduced to manifest your ancestor. (-10% HP)
You can breathe blasts of scalding, opaque steam.
Your pale cyan-grey scales are hard. (AC +7)
You cannot fit into any form of body armour.
You are cold-blooded and may be slowed by cold attacks.
You are immune to the effects of steam.


Message History

r - Retreat! s - Stop attacking. g - Guard the area. f - Follow me.
Anything else - Cancel.
You shout for attention!
An orc priest comes into view. It is wielding a +0 hand axe.
You swap places.
The orc priest mumbles some strange prayers to Beogh against you.
Beogh smites you!
The hornet stings Cassius!
The orc priest miscasts a cantrip. x2
Cassius resists with some effort.
You closely miss the hornet. The hornet stings you.
You are poisoned.
You feel yourself slow down. You block the hornet's attack.
You hit the hornet.
The hornet is lightly wounded.
You feel very sick.
Cassius hits the hornet!
The hornet stings you!
You feel as though you will be slow longer.
Cassius barely misses the hornet.
You slash the hornet!
Your tail-slap misses the hornet.
The hornet is heavily wounded.
You feel sick. The hornet stings you!
You feel as though you will be slow longer.
The hornet stings you!
* * * LOW HITPOINT WARNING * * *
You are lethally poisoned!
You suddenly lose the ability to move!
Cassius barely misses the hornet.
The orc priest looks encouraged for a moment.
The orc priest hits Cassius with a +0 flail.
* * * LOW HITPOINT WARNING * * *
You feel very sick. The hornet barely misses you.
Cassius hits the orc priest.
The orc priest looks braver for a moment.
The orc priest looks encouraged for a moment.
The hornet stings you but does no damage.
* * * LOW HITPOINT WARNING * * *
You feel very sick. The hornet stings you!
You die...

. o. ### ... #.. .... #..
.o... #..
....oo##################..
.....ooRy@...))...<....'..
......##################..
..... #.[ .... #.. ..% ###
## #### #...


You could see the friendly Cassius the ancestor, a hornet, 3 orc priests and an
orc wizard.

Vanquished Creatures
  A two-headed ogre (D:7)
  Pikel (D:7)
  A hornet (D:9)
  4 yaks (D:8)
  3 orc warriors
  Pargi (Sewer)
  An ice beast (D:6)
  A black bear (D:6)
  2 sky beasts
  2 ogres
  3 centaurs
  A phantom (D:5)
  3 lemures (D:7)
  3 kobold brigands
  3 bullfrogs
  2 scorpions
  A howler monkey (D:4)
  A jelly (D:7)
  A hound (D:4)
  An orc priest (D:5)
  3 iguanas
  A sleepcap (D:6)
  7 orc wizards
  3 gnolls (D:7)
  11 adders
  3 shadow imps
  2 ufetubi
  2 worms (D:3)
  A dart slug (D:5)
  37 orcs
  8 endoplasms
  11 goblins
  16 hobgoblins
  28 kobolds
  3 quokkas
  8 ball pythons
  3 bats
  4 frilled lizards
  7 rats
194 creatures vanquished.

Vanquished Creatures (others)
  An orc wizard (D:3)
  2 kobolds (D:5)
3 creatures vanquished.

Grand Total: 197 creatures vanquished

Notes
Turn   | Place    | Note
-------+----------+-------------------------------------------
     0 | D:1      | MisterAzrael the Draconian Shapeshifter began the quest for
                  | the Orb.
     0 | D:1      | Reached XP level 1. HP: 16/16 MP: 1/1
    99 | D:1      | Reached XP level 2. HP: 23/23 MP: 2/2
   844 | D:2      | Reached XP level 3. HP: 21/28 MP: 3/3
  1411 | D:3      | Reached XP level 4. HP: 35/35 MP: 4/4
  1570 | D:3      | Reached skill level 4 in Shapeshifting
  1790 | D:3      | Reached XP level 5. HP: 10/40 MP: 5/5
  3067 | D:4      | Reached skill level 5 in Shapeshifting
  3074 | D:4      | Reached XP level 6. HP: 37/47 MP: 6/6
  4001 | D:5      | Entered Level 5 of the Dungeon
  4024 | D:5      | Reached skill level 5 in Unarmed Combat
  4142 | D:5      | Your scales start taking on a pale cyan-grey colour.
  4142 | D:5      | Reached XP level 7. HP: 43/52 MP: 7/7
  4142 | D:5      | Gained mutation: You are immune to the effects of steam.
                  | [Pale Draconian growth]
  4150 | D:5      | Reached skill level 6 in Shapeshifting
  4397 | D:5      | Found Gameur's Self-Published Books.
  4673 | D:5      | Found a glowing drain.
  4700 | Sewer    | Entered a sewer
  4732 | Sewer    | Noticed Pargi
  4737 | Sewer    | Killed Pargi
  5044 | D:6      | Reached XP level 8. HP: 47/59 MP: 8/8
  5070 | D:6      | Reached skill level 7 in Shapeshifting
  5090 | D:6      | Found Erlang Shen's Dragon-Slaying Spoils.
  5429 | D:6      | Reached skill level 8 in Shapeshifting
  5802 | D:7      | Noticed a two-headed ogre
  5809 | D:7      | Killed a two-headed ogre
  5810 | D:7      | Reached XP level 9. HP: 35/64 MP: 9/9
  5967 | D:7      | Reached skill level 9 in Shapeshifting
  6193 | D:7      | Found a staircase to the Ecumenical Temple.
  6205 | Temple   | Entered the Ecumenical Temple
  6310 | Temple   | Became a worshipper of Hepliaklqana the Forgotten
  6355 | D:7      | Noticed Pikel
  6365 | D:7      | Killed Pikel
  6545 | D:7      | Found a burning altar of Makhleb.
  6828 | D:8      | Reached skill level 10 in Shapeshifting
  7266 | D:8      | Reached XP level 10. HP: 59/72 MP: 10/10
  7589 | D:8      | Reached * piety under Hepliaklqana
  7925 | D:9      | Paralysed by a hornet for 3 turns
  8201 | D:9      | Paralysed by a hornet for 3 turns
  8203 | D:9      | Mangled by a hornet

Illustrated notes

Levels and vault maps discovered:
D:1:      saegor_arrival_simple_c, layout_loops_ring, nrook_loot_triangle
D:2:      layout_loops_cross
D:3:      layout_loops_ring, minmay_misc_feat_nine_boxes
D:4:      corexii_shack_village, layout_basic
D:5:      layout_basic, portal_sewer_entry_d, nicolae_custom_books
D:6:      layout_gridville, nicolae_shop_dragon_depot, hex_large
D:7:      layout_basic, kennysheep_mini_moat, minmay_temple_entry_sparse_star,
          kennysheep_generic_room_14, uniq_pikel
D:8:      layout_loops_ring, hangedman_decor_points, serial_park_tiny_pond,
          hangedman_decor_lopped
D:9:      layout_roguey, blue_anna_alchemist, uniq_maurice
Temple:   mainiacjoe_temple_hex_bubbles

Skill      XL: |  1  2  3  4  5  6  7  8  9 |
---------------+----------------------------+-----
Shapeshifting  | 4 5 6 8 10 | 10.5
Unarmed Combat | 4 5 6 7 9 |  9.1
Fighting       | |  1.4
Dodging        | |  1.9
Shields        | |  0.1

Action                     |  1- 3 |  4- 6 |  7- 9 | 10-12 || total
---------------------------+-------+-------+-------+-------++-------
  Melee: Unarmed           |    97 |   182 |   120 |    33 ||   432
         Tailslap          |     8 |    22 |    20 |     5 ||    55
         Punch             |     1 |       |     3 |       ||     4
 Invoke: Ancestor Identity |       |       |       |     1 ||     1
Ability: Breathe Steam     |       |       |    22 |     1 ||    23
    Use: Potion            |       |       |     2 |     2 ||     4
   Stab: Sleeping          |     1 |     2 |       |       ||     3
         Distracted        |       |     1 |       |       ||     1
 Armour: Skin              |    30 |    46 |    33 |     9 ||   118
  Dodge: Dodged            |    44 |    57 |    80 |    12 ||   193
  Block: Kite shield       |    14 |   100 |     9 |       ||   123
         Reflection        |       |    11 |     7 |       ||    18
         Other             |       |       |    25 |     6 ||    31
   Form: Blade             |       |       |     1 |       ||     1

Table legend: (Time is in decaauts)
 A = Elapsed time spent in this place.
 B = Non-inter-level travel time spent in this place.
 C = Inter-level travel time spent in this place.
 D = Time resting spent in this place.
 E = Time spent auto-exploring this place.
 F = Levels seen in this place.
 G = Mean time per level.
                   A        B        C        D        E       F      G
               +--------+--------+--------+--------+--------+-----+--------+
         Total |   8227 |   7965 |    262 |   1567 |   4912 |  11 |  747.9 |
       Dungeon |   7852 |   7691 |    161 |   1543 |   4756 |   9 |  872.4 |
        Temple |    125 |     24 |    101 |      0 |      0 |   1 |  125.0 |
         Sewer |    249 |    249 |      0 |     24 |    155 |   1 |  249.0 |
               +--------+--------+--------+--------+--------+-----+--------+

Top non-repeatable levels by time:
     D:3: 1422 daAuts
     D:4: 983 daAuts
     D:2: 902 daAuts
     D:7: 867 daAuts
     D:8: 829 daAuts
     D:5: 819 daAuts
     D:1: 712 daAuts
     D:6: 706 daAuts
     D:9: 608 daAuts
   Sewer: 249 daAuts
  Temple: 125 daAuts
